 Dungeon Crawl Stone Soup version 0.30-a0-4-ga7cffc901d (webtiles) character file.

Game seed: 2649703245424181711

81 nomicflux the Firebug (level 4, 0/33 HPs)
             Began as a Draconian Fire Elementalist on Feb 8, 2022.
             Was an Initiate of Gozag.
             Slain by a crimson imp (3 damage)
             ... summoned by Natasha
             ... on level 2 of the Dungeon on Aug 20, 2022.
             The game lasted 00:04:46 (1315 turns).

nomicflux the Firebug (Draconian Fire Elementalist) Turns: 1315, Time: 00:04:46

Health: 0/33       AC:  5    Str: 11    XL:     4   Next: 19%
Magic:  3/8        EV: 12    Int: 17    God:    Gozag
Gold:   185        SH:  0    Dex: 11    Spells: 5/8 levels left

rFire   + . .      SeeInvis .    b - +0 short sword
rCold   + . .      Faith    .    (no shield)
rNeg    . . .      Spirit   .    (body armour unavailable)
rPois   +          Reflect  .    (helmet restricted)
rElec   +          Harm     .    (no cloak)
rCorr   +          Rampage  .    (no gloves)
Will    .....                    (no boots)
Stlth   ++........               (no amulet)
HPRegen 0.11/turn                (no ring)
MPRegen 0.11/turn                (no ring)

@: resistant, gold aura, attractive, invisible
A: AC +5, unfitting armour, cold-blooded
a: Renounce Religion, Potion Petition, Call Merchant, Bribe Branch


You were on level 2 of the Dungeon.
You worshipped Gozag.
Gozag was aware of your devotion.
You visited 1 branch of the dungeon, and saw 2 of its levels.

You collected 185 gold pieces.

Inventory:

Hand Weapons
 a - a +0 club
 b - a +0 short sword (weapon)
Jewellery
 i - a ring of positive energy
Scrolls
 c - a scroll of fear
 d - a scroll of amnesia {unknown}
 e - a scroll of fog {unknown}
 f - 2 scrolls of identify {unknown}
 h - a scroll of magic mapping {unknown}


   Skills:
 - Level 1.7 Dodging
 - Level 1.7 Stealth
 + Level 2.9 Spellcasting
 + Level 2.4 Conjurations
 + Level 3.7 Fire Magic


You had 5 spell levels left.
You knew the following spells:

 Your Spells              Type           Power      Damage    Failure   Level
a - Foxfire               Conj/Fire      52%        2x1d6     4%          1
b - Scorch                Fire           30%        2d6       5%          2

Your spell library contained the following spells:

 Spells                   Type           Power      Damage    Failure   Level
 Conjure Flame            Conj/Fire      13%        6-21      14%         3
 Inner Flame              Hex/Fire       8%         N/A       24%         3
 Flame Wave               Conj/Fire      13%        2d6       43%         4


Dungeon Overview and Level Annotations

Branches:
Dungeon (2/15)

Altars:
Gozag
Qazlal

Annotations:
D:2 Natasha


Innate Abilities, Weirdness & Mutations

Your plain brown scales are hard. (AC +5)
You cannot fit into any form of body armour.
You are cold-blooded and may be slowed by cold attacks.


Message History

* * * LOW HITPOINT WARNING * * *
You aren't carrying any potions.
Unknown command.
As you read the scroll labelled ARENUGAOFI, it crumbles to dust.
You assume a fearsome visage.
The crimson imp looks frightened!
The bat looks frightened! x2; Natasha looks frightened!
It was a scroll of fear.
You feel less porcine.
Your +0 short sword unmelds from your body.
Cornered, the bat turns to fight! x2; The bat completely misses you.
The bat barely misses you.
Okay, then.
The bat attacks as you move away! The bat hits you but does no damage.
The bat attacks as you move away! The bat hits you.
* * * LOW HITPOINT WARNING * * *
The bat barely misses you. Natasha is attracted toward you.
Casting: Foxfire (safe; 4% risk of failure)
Confirm with . or Enter, or press ? or * to list all spells.
Flames lash the bat.
You kill the bat!
The bat hits you.
* * * LOW HITPOINT WARNING * * *
The bat closely misses you. Natasha is attracted toward you.
Casting: Scorch (safe; 6% risk of failure)
Confirm with . or Enter, or press ? or * to list all spells.
Flames lash the bat.
You kill the bat!
The crimson imp is distracted by your dazzling golden aura.
The crimson imp is attracted toward you.
Natasha is attracted toward you.
Found 6 gold pieces.
The crimson imp is no longer distracted by gold.
The crimson imp is attracted toward you.
Natasha is attracted toward you. Natasha is attracted toward you.
Natasha is attracted toward you.
Casting: Scorch (safe; 5% risk of failure)
Confirm with . or Enter, or press ? or * to list all spells.
You conjure some foxfire!
The crimson imp hits you.
You die...
Your body crumbles into a pile of gold.

#....#.####..##
.....#h# ##..#
.....#.# ##§##
....##.# #.§#
....##.# ##§##
##..##5# #h.#
##...#.# ##.##
..#..#.# #v5###
.....#.#####
##@v.#
..5........#
###....#
.......###..)#
#..## .....#.#
.. #.#
..#....## ...
......>.# $..
........# #
........#
.............#


You could see Natasha (fleeing) and a crimson imp (summoned, unable to see you,
ally target).

Vanquished Creatures
  Natasha (D:2)
  2 adders (D:2)
  A gnoll (D:1)
  3 bats
  An endoplasm (D:1)
  3 goblins
  3 hobgoblins
  4 kobolds
  2 quokkas
  3 ball pythons
  A frilled lizard (D:2)
  4 rats
28 creatures vanquished.

Vanquished Creatures (others)
  71 foxfires
71 creatures vanquished.

Grand Total: 99 creatures vanquished

Notes
Turn   | Place    | Note
-------+----------+-------------------------------------------
     0 | D:1      | nomicflux the Draconian Fire Elementalist began the quest
                  | for the Orb.
     0 | D:1      | Reached XP level 1. HP: 14/14 MP: 3/3
   103 | D:1      | Found a faded altar of an unknown god.
   130 | D:1      | Reached XP level 2. HP: 20/20 MP: 0/5
   143 | D:1      | Prayed at the altar of an unknown god.
   143 | D:1      | Became a worshipper of Gozag Ym Sagoz the Greedy
   312 | D:1      | Upgraded the game from 0.29-a0-91-gdebf4667c2 to
                  | 0.30-a0-4-ga7cffc901d
   697 | D:2      | Noticed Natasha
   706 | D:2      | Killed Natasha
   707 | D:2      | Reached XP level 3. HP: 26/26 MP: 1/6
   764 | D:2      | Found a stormy altar of Qazlal.
  1020 | D:2      | Learned a level 2 spell: Scorch
  1142 | D:2      | Reached XP level 4. HP: 33/33 MP: 4/8
  1221 | D:2      | Noticed Natasha
  1315 | D:2      | Slain by a crimson imp

Illustrated notes

Levels and vault maps discovered:
D:1:      dpeg_arrival_radiant, layout_rooms, ebering_ecumenical_altar_ruins,
          minivault_14
D:2:      layout_rooms, basic_altar, uniq_natasha, uniq_terence, uniq_robin

Skill      XL: |  1  2 |
---------------+-------+-----
Conjurations   | 2 |  2.4
Dodging        | |  1.7
Stealth        | |  1.7
Spellcasting   | |  2.9
Fire Magic     | |  3.7

Action                   |  1- 3 |  4- 6 || total
-------------------------+-------+-------++-------
Melee: Short sword       |     1 |       ||     1
       Unarmed           |       |     3 ||     3
 Cast: Foxfire           |    37 |     8 ||    45
       Scorch            |     1 |     2 ||     3
  Use: Potion            |       |     3 ||     3
       Scroll            |       |     1 ||     1
Armor: Skin              |    10 |     1 ||    11
Dodge: Dodged            |    14 |    16 ||    30

Table legend: (Time is in decaauts)
 A = Elapsed time spent in this place.
 B = Non-inter-level travel time spent in this place.
 C = Inter-level travel time spent in this place.
 D = Time resting spent in this place.
 E = Time spent auto-exploring this place.
 F = Levels seen in this place.
 G = Mean time per level.
                   A        B        C        D        E       F      G
               +--------+--------+--------+--------+--------+-----+--------+
         Total |   1293 |   1267 |     26 |    403 |    567 |   2 |  646.5 |
       Dungeon |   1293 |   1267 |     26 |    403 |    567 |   2 |  646.5 |
               +--------+--------+--------+--------+--------+-----+--------+

Top non-repeatable levels by time:
     D:1: 697 daAuts
     D:2: 595 daAuts
